Map: Ever Dream LE

Players

Reynor

  • Race: Zerg Zerg
  • League: Master
  • Spawn Location: 1:00

LiquidClem (Clem) - Winner!

  • Race: Terran Terran
  • League: Master
  • Spawn Location: 7:00

Event: DreamHack SC2 Masters 2020 Fall

VOD

Have the link to the VOD?

Description

Time

  • Played on: Sept. 20, 2020, 10:55 a.m.
  • Length: 12:26

All games in this series

Show
View Real Time Build Order
Export as new Build Order

Reynor Zerg 

Build Orders: Hatch First, Muta Ling Bane 

Get SALT Encoding   

  12  0:00  Drone  
  13  0:12  Overlord  
  13  0:16  Drone  
  14  0:30  Drone x2  
  16  0:47  Hatchery  
  15  0:51  Drone  
  15  0:55  Drone  
  17  1:00  Drone  
  18  1:11  Extractor  
  17  1:16  Spawning Pool  
  17  1:18  Drone  
  17  1:21  Drone  
  18  1:27  Drone  
  19  1:38  Drone  
  20  1:48  Overlord  
  20  2:02  Queen  
  20  2:03  Zergling x4, Queen  
  26  2:12  Drone x2  
  28  2:22  Drone x2  
  30  2:30  Hatchery  
  30  2:35  Drone x2  
  30  2:41  Metabolic Boost  
  30  2:47  Queen  
  32  2:52  Overlord  
  32  2:54  Drone  
  32  2:56  Drone  
  34  2:59  Drone  
  35  3:11  Drone x2  
  35  3:12  Queen  
  39  3:14  Zergling x2  
  39  3:15  Drone x2  
  39  3:19  Overlord  
  42  3:22  Drone  
  43  3:37  Zergling x6  
  43  3:40  Zergling x2  
  43  3:41  Zergling x2  
  46  3:43  Drone x2  
  46  3:47  Spore Crawler  
  46  3:49  Drone  
  46  3:51  Drone  
  49  3:59  Zergling x2  
  50  4:05  Overlord  
  50  4:13  Overlord  
  50  4:20  Overlord  
  50  4:23  Queen, Drone x2  
  50  4:24  Drone x3  
  57  4:26  Drone  
  57  4:31  Spore Crawler, Queen, Drone x2  
  61  4:36  Zergling x2, Spore Crawler  
  61  4:38  Drone  
  62  4:40  Drone  
  62  4:43  Zergling x4  
  65  4:47  Drone x2  
  66  4:54  Drone x2  
  66  4:59  Zergling x6  
  71  5:03  Zergling x6  
  72  5:07  Drone x2  
  72  5:10  Overlord  
  72  5:12  Evolution Chamber  
  72  5:13  Evolution Chamber  
  71  5:14  Drone  
  71  5:16  Drone x2  
  74  5:24  Overlord  
  73  5:30  Drone x3  
  73  5:31  Drone x2  
  73  5:32  Drone  
  78  5:36  Drone  
  78  5:38  Zerg Ground Armor Level 1  
  78  5:39  Zerg Melee Weapons Level 1  
  78  5:40  Drone x2  
  81  5:43  Drone x2  
  81  5:46  Lair  
  81  5:48  Drone  
  84  5:50  Extractor  
  84  5:51  Drone  
  84  5:53  Drone  
  84  5:54  Drone  
  85  5:58  Drone x3  
  85  5:59  Drone  
  85  6:00  Extractor  
  85  6:02  Extractor  
  87  6:09  Drone x3  
  87  6:10  Overlord x2  
  90  6:15  Extractor x2  
  88  6:21  Drone, Baneling Nest  
  88  6:22  Spore Crawler  
  88  6:23  Hatchery, Drone x2  
  88  6:24  Drone x2  
  90  6:32  Drone x4  
  94  6:38  Zergling x10  
  94  6:39  Zergling x2  
  100  6:43  Queen  
  100  6:45  Zergling x2  
  104  6:47  Zergling x2  
  104  6:48  Spire  
  104  6:49  Zergling x2  
  104  6:51  Zergling x2  
  105  6:54  Zergling x2  
  105  6:56  Overlord x2  
  105  6:57  Overlord  
  106  7:05  Centrifical Hooks  
  104  7:09  Baneling x5  
  104  7:13  Baneling x2  
  104  7:14  Zergling x16  
  112  7:17  Zergling x2  
  112  7:20  Zergling x2  
  114  7:24  Zergling x2  
  114  7:25  Zergling x6  
  118  7:31  Zergling x2  
  118  7:33  Overlord x3  
  114  7:42  Zergling x14  
  113  7:46  Queen x2  
  113  7:48  Zergling x4  
  113  7:50  Zergling x4  
  86  7:59  Drone x4  
  86  8:00  Drone  
  86  8:01  Drone x3  
  86  8:02  Zerg Ground Armor Level 2, Drone x3  
  86  8:09  Drone x4  
  90  8:20  Zergling x8  
  90  8:29  Zergling x8  
  90  8:31  Baneling x5  
  94  8:34  Baneling x2  
  94  8:35  Zergling x6  
  94  8:39  Baneling  
  94  8:40  Drone x3  
  100  8:44  Drone  
  100  8:45  Drone x3  
  100  8:46  Baneling x2  
  103  8:49  Zergling x2  
  103  8:55  Overlord, Mutalisk  
  103  8:56  Mutalisk  
  103  9:00  Mutalisk  
  103  9:01  Mutalisk x2  
  111  9:04  Queen x2  
  111  9:06  Mutalisk  
  111  9:08  Mutalisk x2  
  118  9:11  Zergling x4  
  118  9:14  Zergling x8  
  123  9:21  Mutalisk x2  
  123  9:23  Zergling x4  
  123  9:24  Zergling x6  
  130  9:27  Overlord  
  130  9:29  Baneling  
  130  9:30  Baneling x5  
  130  9:33  Drone  
  130  9:34  Zerg Melee Weapons Level 2  
  130  9:36  Baneling x5  
  130  9:37  Baneling x2  
  131  9:41  Baneling x6  
  131  9:45  Overseer  
  131  9:46  Baneling  
  131  9:52  Zergling x16  
  126  10:02  Mutalisk x2  
  126  10:04  Zergling x10  
  126  10:06  Zergling x4  
  132  10:14  Zergling x8  
  132  10:15  Baneling x6  
  135  10:25  Zergling x2  
  135  10:29  Baneling  
  135  10:30  Pneumatized Carapace, Baneling x6  
  135  10:33  Overlord x2  
  135  10:44  Baneling x3  
  135  10:45  Drone  
  132  10:50  Hatchery  
  132  10:54  Zergling x36  
  132  10:58  Mutalisk x2  
  132  10:59  Mutalisk  
  138  11:06  Zergling x6  
  139  11:13  Overlord x2  
  139  11:15  Overseer  
  139  11:18  Queen  
  134  11:22  Zergling x8  
  134  11:23  Zergling x4  
  129  11:26  Zergling x6  
  129  11:29  Mutalisk x2  
  125  11:33  Baneling x8  
  125  11:34  Baneling x3  
  125  11:35  Zergling x2, Hatchery  
  125  11:36  Zergling x2  
  123  11:40  Zergling x4  
  123  11:44  Zergling x2  
  123  11:45  Overseer  
  120  11:48  Zergling x4  
  120  11:51  Mutalisk x2  
  120  11:53  Zergling x4  
  127  11:56  Zergling x2  
  127  12:01  Drone x3  
  119  12:03  Overseer  
  119  12:07  Zergling x2  
Show
View Real Time Build Order
Export as new Build Order

LiquidClem Terran - Winner!

Build Orders: Gas First Reaper Expand, Liberator Opening 

Get SALT Encoding   

  12  0:00  SCV  
  13  0:12  SCV  
  14  0:16  Supply Depot  
  14  0:24  SCV  
  15  0:30  Refinery  
  15  0:38  SCV  
  16  0:43  Barracks  
  16  0:50  SCV  
  17  1:02  SCV  
  18  1:14  SCV  
  19  1:29  Orbital Command  
  19  1:30  Reaper  
  20  1:41  Command Center  
  20  1:52  Factory  
  20  1:56  SCV  
  21  2:07  Barracks Reactor, Supply Depot  
  21  2:10  SCV  
  21  2:15  Refinery  
  22  2:22  SCV  
  23  2:34  SCV  
  24  2:43  Starport  
  24  2:46  SCV  
  29  2:51  Hellion x2  
  29  2:54  Orbital Command  
  29  2:58  SCV  
  29  3:02  Marine  
  31  3:10  SCV  
  32  3:14  Hellion x2  
  36  3:20  SCV  
  36  3:22  Supply Depot  
  37  3:27  Liberator  
  37  3:30  SCV  
  37  3:33  SCV  
  42  3:37  Hellion  
  42  3:41  Hellion  
  45  3:42  SCV  
  45  3:48  SCV  
  47  3:50  Supply Depot  
  47  3:51  Supply Depot  
  47  3:52  Barracks Tech Lab  
  47  3:58  SCV, Hellion  
  47  4:00  SCV  
  47  4:02  Hellion  
  47  4:10  SCV  
  47  4:12  SCV, Liberator  
  50  4:17  Supply Depot  
  50  4:20  Hellion  
  50  4:21  Stimpack  
  50  4:23  SCV, Hellion  
  55  4:27  SCV  
  56  4:35  SCV  
  57  4:39  SCV  
  57  4:40  Command Center  
  57  4:42  Marine  
  59  4:47  SCV  
  59  4:52  SCV, Barracks  
  61  4:55  Starport Reactor  
  61  4:56  Factory Reactor  
  61  4:59  SCV  
  62  5:00  Marine, Barracks  
  62  5:04  SCV  
  64  5:11  SCV  
  65  5:16  SCV, Engineering Bay x2  
  65  5:18  Refinery x2, Marine  
  64  5:23  SCV  
  64  5:26  Supply Depot  
  64  5:28  SCV  
  56  5:35  SCV  
  56  5:36  Marine  
  56  5:40  SCV, Factory Reactor  
  59  5:44  Terran Infantry Weapons Level 1, Terran Infantry Armor Level 1  
  59  5:45  Marine x2  
  59  5:48  SCV  
  62  5:52  SCV  
  62  5:54  Orbital Command  
  62  5:55  Marine  
  62  5:56  Marine  
  66  6:00  SCV  
  66  6:02  Medivac  
  66  6:03  Medivac, Marine, Barracks x2  
  72  6:04  Marine  
  72  6:05  Combat Shield  
  74  6:11  SCV  
  74  6:12  SCV  
  74  6:14  Marine x2  
  79  6:18  Hellion  
  79  6:21  Hellion, Orbital Command, Marine  
  79  6:23  Armory  
  81  6:26  SCV x2  
  81  6:27  Marine  
  81  6:28  Marine  
  85  6:33  Supply Depot  
  85  6:35  Supply Depot  
  85  6:38  SCV  
  86  6:40  Marine x2  
  86  6:41  Hellion  
  86  6:43  Hellion  
  86  6:44  Marine  
  93  6:50  Supply Depot  
  93  6:51  Supply Depot  
  93  6:53  Barracks Reactor x2  
  93  6:55  SCV x2, Marine  
  93  6:56  Marine  
  93  6:57  SCV  
  98  7:03  Hellion  
  98  7:05  Hellion, Marine x2  
  98  7:06  Marine  
  98  7:07  SCV x2  
  107  7:12  SCV  
  107  7:13  Marine  
  107  7:15  Supply Depot, Medivac x2  
  111  7:19  Factory  
  111  7:21  SCV, Refinery  
  111  7:22  SCV  
  115  7:24  SCV  
  115  7:25  Supply Depot, Marine x2  
  115  7:28  Marine x2  
  120  7:31  Marine  
  120  7:32  Marine  
  115  7:40  Marine  
  115  7:42  Marine x2  
  115  7:43  Marine  
  107  7:44  SCV x2  
  107  7:45  SCV  
  107  7:46  Marine  
  107  7:49  Medivac  
  107  7:50  Medivac, Marine  
  101  7:56  Marine  
  101  7:57  Marine  
  99  7:59  SCV x3, Marine  
  96  8:08  Marine x3  
  96  8:09  Marine x2  
  96  8:11  SCV x2  
  103  8:15  Terran Infantry Weapons Level 2  
  103  8:18  SCV  
  103  8:19  Medivac  
  105  8:21  Terran Infantry Armor Level 2  
  105  8:23  SCV, Marine  
  105  8:25  Marine x2  
  105  8:26  SCV, Marine  
  109  8:31  Widow Mine x2, Factory Tech Lab  
  109  8:32  Marine x2  
  109  8:33  Marine x2  
  117  8:36  Medivac  
  117  8:37  Marine  
  117  8:40  Marine  
  118  8:43  Marine  
  119  8:50  Marine x2  
  119  8:51  Marine  
  119  8:53  Drilling Claws  
  119  8:55  Command Center, Marine, Widow Mine  
  124  8:57  Medivac, Marine  
  124  9:02  Widow Mine x2  
  131  9:06  Medivac  
  126  9:11  Marine  
  126  9:12  Marine x5  
  126  9:13  Marine x2  
  126  9:15  Marine  
  135  9:19  Widow Mine  
  135  9:23  Widow Mine  
  137  9:27  Medivac  
  137  9:29  Marine x2  
  137  9:30  Supply Depot, Missile Turret  
  141  9:32  Missile Turret  
  141  9:33  Marine x2, Thor  
  149  9:42  Terran Vehicle And Ship Armor Level 1  
  149  9:47  Marine  
  149  9:48  Marine  
  149  9:50  Marine x3  
  149  9:51  Widow Mine, Marine x3  
  149  9:52  Marine  
  147  9:56  Widow Mine  
  144  10:05  Marine  
  129  10:07  Medivac  
  129  10:08  Marine x3  
  129  10:09  Marine  
  129  10:12  Marine x2, Widow Mine  
  129  10:14  Marine x2  
  140  10:15  Thor  
  146  10:22  Widow Mine, Barracks  
  146  10:24  Marine, Barracks  
  146  10:26  Marine  
  146  10:29  Marine x3  
  146  10:30  Marine  
  146  10:32  Medivac  
  146  10:35  SCV  
  153  10:36  SCV  
  153  10:37  SCV  
  153  10:40  Planetary Fortress  
  155  10:46  Marine, Widow Mine x2  
  155  10:47  SCV  
  155  10:49  Marine  
  161  10:54  Marine x2  
  161  10:55  Marine  
  149  10:57  SCV x2  
  149  10:59  SCV, Marine x2  
  155  11:04  Widow Mine  
  155  11:09  SCV x2  
  152  11:11  Marine, Widow Mine x2  
  152  11:12  Marauder  
  152  11:14  Marine x2  
  152  11:15  SCV  
  148  11:25  Widow Mine  
  142  11:33  Widow Mine  
  142  11:35  Widow Mine  
  142  11:39  Marine x3  
  141  11:40  Marine  
  141  11:42  Medivac  
  141  11:46  Marauder  
  149  11:47  Widow Mine  
  149  11:49  Medivac, Marine x5  
  149  11:50  Marine  
  155  11:54  Widow Mine  
  155  11:56  Missile Turret  
  155  11:57  Marine  
  155  11:59  SCV  
  155  12:00  SCV  
  155  12:01  Marine  
  161  12:03  Widow Mine  
  161  12:05  Marine  

Tags
 
Add a new tag
Caveats
  • Supply blocks, unpowered buildings, or Contaminate may cause inaccurate times.
  • Supply counts are checked every 10 seconds.